 Dungeon Crawl Stone Soup version 0.24-a0-441-g27f0392e16 (webtiles) character file.

Game seed: 17051146878560191576

9958 Kuinu the Fighter (level 11, -11/105 HPs)
             Began as a Green Draconian Berserker on June 19, 2019.
             Was a Priest of Trog.
             Mangled by a cyan ugly thing (14 damage)
             ... on level 10 of the Dungeon.
             The game lasted 00:24:17 (8238 turns).

Kuinu the Fighter (Green Draconian Berserker)       Turns: 8238, Time: 00:24:23

Health: -11/105    AC:  8    Str: 22    XL:     11   Next: 29%
Magic:  11/11      EV: 15    Int:  9    God:    Trog [***...]
Gold:   393        SH:  0    Dex: 10    Spells: 10/10 levels left

rFire    . . .     SeeInvis .   s - +1 falchion (protect)
rCold    . . .     Gourm    .   (no shield)
rNeg     . . .     Faith    +   (armour unavailable)
rPois    +         Spirit   .   (helmet restricted)
rElec    .         Reflect  .   (no cloak)
rCorr    +         Harm     .   k - +0 pair of gloves
MR       ++...                  (no boots)
Stlth    +.........             F - amulet of faith
HPRegen  1.27/turn              J - ring of flight
MPRegen  0.12/turn              E - ring of resist corrosion

@: berserk cooldown, very slightly contaminated, regenerating, slowed, very slow
A: breathe noxious fumes, unfitting armour, poison resistance, cold-blooded, AC
+7
a: Breathe Noxious Fumes, Berserk, Trog's Hand, Renounce Religion, Evoke Flight


You were on level 10 of the Dungeon.
You worshipped Trog.
Trog was most pleased with you.
You were not hungry.

You visited 1 branch of the dungeon, and saw 10 of its levels.

You collected 393 gold pieces.

Inventory:

Hand Weapons
 a - a +0 falchion
 s - a +1 falchion of protection (weapon)
 v - a +2 rapier of protection
Missiles
 H - 4 silver javelins (quivered)
Armour
 k - a +0 pair of gloves (worn)
Jewellery
 c - an uncursed ring of poison resistance
 j - an uncursed ring of poison resistance
 E - a ring of resist corrosion (right hand)
 F - an amulet of faith (around neck)
 J - a ring of flight (left hand)
Wands
 t - a wand of flame (28)
 w - a wand of digging (5)
 y - a wand of iceblast (11)
 B - a wand of disintegration (13)
Scrolls
 e - 6 scrolls of identify
 g - 4 scrolls of remove curse
 i - a scroll of blinking
 l - 2 scrolls of immolation
 p - a scroll of enchant armour
 q - a scroll of fog
 r - 5 scrolls of amnesia
 x - a scroll of enchant weapon
 A - 2 scrolls of noise {unknown}
 C - 2 scrolls of teleportation {unknown}
 G - 2 scrolls of fear {unknown}
Potions
 d - a potion of flight
 f - 3 potions of agility
 h - 4 potions of degeneration
 m - 2 potions of brilliance
 n - a potion of invisibility
 o - 5 potions of curing
 u - a potion of berserk rage
 z - a potion of mutation
Comestibles
 b - 14 rations
 D - a chunk of flesh


   Skills:
 * Level 12.4 Fighting
 * Level 11.5 Long Blades
 + Level 7.9 Dodging


You had 10 spell levels left.
You didn't know any spells.
Your spell library was empty.

Dungeon Overview and Level Annotations

Branches:
Dungeon (10/15)            Temple (0/1) D:7
   Lair: D:8-11         Orc: D:9-12

Altars:
Ashenzari
Cheibriados
Elyvilon
Hepliaklqana
Ru
Vehumet
Wu Jian
Xom

Shops:
D:5 }   D:6 :

Annotations:
D:4 3 runed translucent doors, Stiffzip's ghost, amateur NaEn


Innate Abilities, Weirdness & Mutations

You can breathe blasts of noxious fumes.
Your lurid green scales are hard. (AC +7)
You cannot fit into any form of body armour.
Your system is resistant to poisons. (rPois)
You are cold-blooded and may be slowed by cold attacks.


Message History

You are exhausted.
You feel as though you will be slow longer.
You have got your breath back.
The purple ugly thing bites you!
* * * LOW HITPOINT WARNING * * *
The white ugly thing misses you.
Blink to where?
Press: ? - help, Dir - move target cursor, p - white ugly thing Splash!
You fall into the shallow water.
Moving in this stuff is going to be slow.
You are very lightly contaminated with residual magic.
As you read the scroll of blinking, it crumbles to dust.
As you read the scroll labeled VYBUAM LYID, it crumbles to dust.
Wisps of shadow whirl around you...
It was a scroll of summoning.
You feel the effects of Trog's Hand fading.
The cyan ugly thing tentacle-slaps you!
* * * LOW HITPOINT WARNING * * *
The cyan ugly thing shocks you!
You die...

#####.# #...# #.#######.##### .#
#.# #...#######.# #...... ## #.#
#.........#.# #......
#####.#####.#####.#.##### #..(...
........................# #......
#####........)######..#.###......
.............########......>.....
################≈a#####.#.#.#####
#F5@u≈≈###...#.### #
#≈≈≈##uu.###......# # ########
#≈≈# ##.≈# #......### .......#
#.≈ ##.≈####.....#.. .......# #(.
#8..8# #.....#.. .......# #$.
##u.## #........ ..≈≈...# #:
##u§# #........ ..≈....# ##
##≈.≈# ##..#.... ..≈....# ##...≈#
#..#....


You could see 3 ugly things, a friendly bullfrog, a friendly worker ant and a
friendly shadow imp.

Vanquished Creatures
  Erolcha (D:9)
  A wizard (D:10)
  Pikel (D:6)
  4 ugly things
  Grinder (D:3)
  Prince Ribbit (D:6)
  3 hippogriffs
  Sigmund (D:4)
  13 yaks
  Eustachio (D:6)
  Menkaure (D:5)
  Edmund (D:4)
  2 orc warriors
  2 sky beasts (D:6)
  A black bear (D:7)
  2 ice beasts
  An ogre (D:9)
  A phantom (D:10)
  A necrophage (D:4)
  5 centaurs
  A big kobold (D:8)
  5 bullfrogs
  2 scorpions
  7 killer bees
  A howler monkey (D:7)
  A bullfrog zombie (D:8)
  7 crimson imps
  A quasit (D:10)
  A centaur zombie (D:10)
  A jelly (D:9)
  2 bullfrog skeletons (D:9)
  5 orc wizards
  5 orc priests
  4 hounds
  3 iguanas (D:9)
  Ijyb (D:3)
  7 worker ants
  2 hound zombies (D:6)
  8 adders
  An ooze (D:5)
  3 adder zombies
  4 worms
  3 dart slugs
  6 leopard geckos
  38 orcs
  10 bats
  5 giant cockroaches
  11 goblins
  6 hobgoblins
  12 jackals
  8 kobolds
  4 quokkas
  9 frilled lizards
  A jackal skeleton (D:7)
  4 rats
233 creatures vanquished.

Notes
Turn   | Place    | Note
-------+----------+-------------------------------------------
     0 | D:1      | Kuinu the Draconian Berserker began the quest for the Orb.
     0 | D:1      | Reached XP level 1. HP: 19/19 MP: 1/1
   116 | D:1      | Reached XP level 2. HP: 4/26 MP: 2/2
   637 | D:2      | Reached XP level 3. HP: 33/33 MP: 3/3
   685 | D:2      | Reached ** piety under Trog
   696 | D:2      | Reached skill level 4 in Fighting
   986 | D:2      | Found a faded altar of an unknown god.
  1121 | D:2      | Reached XP level 4. HP: 31/40 MP: 4/4
  1528 | D:3      | Noticed Ijyb
  1529 | D:3      | Noticed Grinder
  1542 | D:3      | Reached XP level 5. HP: 42/47 MP: 5/5
  1570 | D:3      | Killed Ijyb
  1604 | D:3      | Killed Grinder
  1604 | D:3      | Reached skill level 5 in Fighting
  1604 | D:3      | Reached skill level 5 in Long Blades
  1604 | D:3      | Reached XP level 6. HP: 36/56 MP: 6/6
  2128 | D:4      | Noticed Sigmund
  2128 | D:4      | Noticed Edmund
  2136 | D:4      | Killed Sigmund
  2136 | D:4      | Reached skill level 6 in Fighting
  2136 | D:4      | Your scales start taking on a lurid green colour.
  2136 | D:4      | Reached XP level 7. HP: 63/63 MP: 7/7
  2136 | D:4      | Gained mutation: Your system is resistant to poisons.
                  | (rPois) [Green Draconian growth]
  2145 | D:4      | Killed Edmund
  2155 | D:4      | Found a hazy altar of Hepliaklqana.
  2264 | D:4      | Found a sacrificial altar of Ru.
  2431 | D:4      | Found a runed translucent gate.
  2432 | D:4      | Found a runed translucent gate.
  2438 | D:4      | Found a runed translucent gate.
  2439 | D:4      | Noticed Stiffzip's ghost (amateur NaEn)
  2583 | D:4      | Reached skill level 7 in Fighting
  2697 | D:5      | Entered Level 5 of the Dungeon
  2789 | D:5      | Reached *** piety under Trog
  2933 | D:5      | Noticed Eustachio
  3051 | D:5      | Reached XP level 8. HP: 31/73 MP: 8/8
  3088 | D:5      | You fall into a shaft and drop 3 floors!
  3503 | D:6      | Found an ornate altar of the Wu Jian Council.
  3540 | D:6      | Noticed Prince Ribbit
  3555 | D:6      | Found Ruqurr's Book Shop.
  3561 | D:6      | Killed Prince Ribbit
  3561 | D:6      | Reached skill level 5 in Dodging
  3570 | D:6      | Noticed Pikel
  3608 | D:6      | Killed Pikel
  3608 | D:6      | Reached skill level 8 in Fighting
  3632 | D:6      | Killed Eustachio
  3632 | D:6      | Reached XP level 9. HP: 65/82 MP: 9/9
  3731 | D:6      | Reached skill level 9 in Fighting
  4255 | D:5      | Noticed Menkaure
  4261 | D:5      | Killed Menkaure
  4338 | D:5      | Found Husozits's Gadget Shoppe.
  4417 | D:5      | Found a snail-covered altar of Cheibriados.
  4870 | D:7      | Found a shimmering altar of Xom.
  4870 | D:7      | Found a white marble altar of Elyvilon.
  5249 | D:7      | Found a staircase to the Ecumenical Temple.
  5517 | D:8      | Reached skill level 10 in Fighting
  5629 | D:8      | Found a radiant altar of Vehumet.
  6233 | D:9      | Reached XP level 10. HP: 94/94 MP: 10/10
  6247 | D:9      | Reached **** piety under Trog
  6444 | D:9      | Found a shattered altar of Ashenzari.
  6483 | D:9      | Noticed Erolcha
  6501 | D:9      | Killed Erolcha
  6501 | D:9      | Reached skill level 11 in Fighting
  6501 | D:9      | Reached skill level 10 in Long Blades
  6769 | D:9      | Noticed a brown ugly thing
  6782 | D:9      | Killed a brown ugly thing
  6782 | D:9      | Received a gift from Trog
  7176 | D:10     | Entered Level 10 of the Dungeon
  7481 | D:10     | Reached skill level 12 in Fighting
  7481 | D:10     | Reached XP level 11. HP: 93/104 MP: 11/11
  8062 | D:10     | Noticed a red ugly thing
  8063 | D:10     | Noticed a purple ugly thing
  8077 | D:10     | Killed a green ugly thing
  8081 | D:10     | Killed a red ugly thing
  8141 | D:10     | Noticed a wizard
  8186 | D:10     | Killed a wizard
  8196 | D:10     | Noticed a cyan ugly thing
  8196 | D:10     | Noticed a green ugly thing
  8197 | D:10     | Noticed a red ugly thing
  8197 | D:10     | Noticed a purple ugly thing
  8224 | D:10     | Killed a green ugly thing
  8238 | D:10     | HP: 3/105 [cyan ugly thing (17)]
  8238 | D:10     | Mangled by a cyan ugly thing

Levels and vault maps discovered:
D:1:      dpeg_arrival_rooms_with_view, layout_rooms
D:2:      layout_loops_cross, chequers_ecumenical_altar_simple
D:3:      kennysheep_the_goblin_king, layout_rooms, grunt_ministairs_6,
          uniq_grinder
D:4:      layout_loops_cross, lemuel_doored_altar,
          nicolae_ru_the_path_less_chosen, gammafunk_ghost_necromancy,
          uniq_edmund, uniq_sigmund, uniq_ijyb
D:5:      layout_gridville, kennysheep_mini, first_ration, serial_glass,
          glass_columns_b, glass_columns_b, serial_shops, nicolae_shop_crystal,
          uniq_eustachio, uniq_menkaure
D:6:      layout_basic, nicolae_overflow_crystal_walls, serial_shops, shop,
          uniq_prince_ribbit1, uniq_pikel
D:7:      layout_loops_ring, grunt_temple_overflow_open, temple_statues,
          minmay_misc_feat_plants, hangedman_minor_gate_pass
D:8:      layout_basic, vehumet_crystals, blue_anna_alchemist
          [blue_anna_fruit_fields, blue_anna_fruit_fields], amethyst_killhole
D:9:      layout_basic, ashenzari_conservatory_becter, uniq_erolcha
D:10:     cheibrodos_breeding_chamber, layout_basic

Skill      XL: |  1  2  3  4  5  6  7  8  9 10 |
---------------+-------------------------------+-----
Fighting       | 4 5 6 7 8 10 12 | 12.4
Dodging        | 3 4 5 6 7 |  7.9
Long Blades    | 4 5 6 8 9 11 | 11.5

Action                   |  1- 3 |  4- 6 |  7- 9 | 10-12 || total
-------------------------+-------+-------+-------+-------++-------
Melee: Falchion          |   113 |   157 |   459 |   313 ||  1042
       Tailslap          |    17 |    20 |    80 |    53 ||   170
Invok: Berserk           |     2 |     4 |     6 |     8 ||    20
       Trog's Hand       |       |     6 |     8 |     9 ||    23
 Abil: Breathe Noxious F |       |       |       |     1 ||     1
  Use: Potion            |       |     6 |     1 |     1 ||     8
       Scroll            |       |     1 |     8 |     7 ||    16
  Eat: Chunk             |     3 |     8 |    21 |    15 ||    47
       Ration            |       |       |       |     2 ||     2
Armor: Skin              |    30 |    73 |   146 |    69 ||   318
Dodge: Dodged            |    87 |   115 |   328 |   186 ||   716
       Rpst.: Falchion   |    26 |    37 |   101 |    45 ||   209

Table legend:
 A = Non-vault XP
 B = Vault XP
 C = Vault XP percentage of total XP
 D = Non-vault monster count
 E = Vault monster count
 F = Vault count percentage of total count
                 A         B        C        D         E       F
            +---------+---------+-------+---------+---------+-------
      Total |    8656 |    5570 |  39.2 |     202 |      31 |  13.3
            +---------+---------+-------+---------+---------+-------
        D:1 |      27 |       2 |   6.9 |      16 |       2 |  11.1
        D:2 |      83 |       0 |   0.0 |      28 |       0 |   0.0
        D:3 |     145 |     331 |  69.5 |      30 |      10 |  25.0
        D:4 |     313 |     378 |  54.7 |      15 |       2 |  11.8
        D:5 |     377 |     165 |  30.4 |      21 |       1 |   4.5
        D:6 |     665 |    1076 |  61.8 |      17 |       3 |  15.0
        D:7 |     553 |     234 |  29.7 |      14 |       7 |  33.3
        D:8 |     557 |     100 |  15.2 |      10 |       1 |   9.1
        D:9 |    3920 |     999 |  20.3 |      32 |       1 |   3.0
       D:10 |    2016 |    2285 |  53.1 |      19 |       4 |  17.4
            +---------+---------+-------+---------+---------+-------
